 Dungeon Crawl Stone Soup version 0.28-a0-850-g09de17f5b5 (webtiles) character file.

Game seed: 7571399509278992373

87 Crownlay the Digger (level 4, -1/24 HPs)
             Began as a Gargoyle Earth Elementalist on Nov 13, 2021.
             Slain by an orc (2 damage)
             ... on level 3 of the Dungeon.
             The game lasted 00:02:13 (2922 turns).

Crownlay the Digger (Gargoyle Earth Elementalist)   Turns: 2922, Time: 00:02:14

Health: -1/24      AC:  7    Str: 12    XL:     4   Next: 51%
Magic:  8/9        EV: 11    Int: 16    God:
Gold:   79         SH:  0    Dex: 10    Spells: 6/10 levels left

rFire   . . .      SeeInvis .   n - +0 dagger (elec)
rCold   . . .      Faith    .   (no shield)
rNeg    + . .      Spirit   .   b - +0 robe
rPois   ∞          Reflect  .   h - +1 hat
rElec   +          Harm     .   i - +0 cloak
rCorr   .          Rampage  .   (no gloves)
Will    .....                   (no boots)
Stlth   ++........              (no amulet)
HPRegen 0.08/turn               (no ring)
MPRegen 0.11/turn               (no ring)

@: no status effects
A: sickness immunity, AC +3, negative energy resistance 1, electricity
resistance, torment resistance 1, petrification resistance
a: no special abilities


You were on level 3 of the Dungeon.
You visited 1 branch of the dungeon, and saw 3 of its levels.

You collected 79 gold pieces.

Inventory:

Hand Weapons
 n - a +0 dagger of electrocution (weapon)
Missiles
 c - 100 stones
Armour
 b - a +0 robe (worn)
 h - a +1 hat (worn)
 i - a +0 cloak (worn)
Jewellery
 k - a ring of fire
Scrolls
 a - 3 scrolls of identify
 d - a scroll of noise
Potions
 e - a potion of heal wounds {unknown}
 g - 2 potions of haste {unknown}
 j - a potion of resistance {unknown}
 l - a potion of cancellation {unknown}
 m - a potion of brilliance {unknown}


   Skills:
 - Level 1.5 Dodging
 - Level 2.1 Stealth
 * Level 3.6 Spellcasting
 - Level 0.7 Transmutations
 + Level 4.6 Earth Magic


You had 6 spell levels left.
You knew the following spells:

 Your Spells              Type           Power      Damage    Failure   Level
a - Sandblast             Erth           34%        2d9       2%          1
b - Stone Arrow           Conj/Erth      20%        3d8       21%         3

Your spell library contained the following spells:

 Spells                   Type           Power      Damage    Failure   Level
 Passwall                 Tmut/Erth      9%         N/A       9%          2
 Ensorcelled Hibernation  Hex/Ice        4%         N/A       26%         2
 Tukima's Dance           Hex            2%         N/A       45%         3
 Petrify                  Tmut/Erth      11%        N/A       50%         4


Dungeon Overview and Level Annotations

Branches:
Dungeon (3/15)

Altars:
Beogh


Innate Abilities, Weirdness & Mutations

You are immune to sickness and miasma.
Your stone body is resilient. (AC +3)
You are immune to poison.
You resist negative energy. (rN+)
You are resistant to electric shocks. (rElec)
You are resistant to unholy torment.
You are immune to petrification.


Message History

No target in view!
No target in view!
No target in view!
A kobold, an orc, 2 orc priests and an orc wizard come into view.
Found 27 gold pieces.
Found a roughly hewn altar of Beogh.
The orc shouts!
The kobold shouts!
The orc priest shouts!
You hear a shout!
The orc priest looks braver for a moment.
The orc moves out of view.
An orc wizard comes into view. It is wielding a +0 dagger.
The orc wizard shouts!
You closely miss the orc.
The orc wizard casts a spell.
The orc wizard flickers and vanishes!
Deactivating autopickup; reactivate with Ctrl-A.
The orc priest shouts!
You hit the orc but do no damage. The orc hits you with a +0 club.
The orc wizard hits you but does no damage.
You hit the orc but do no damage.
The orc priest calls down the wrath of Beogh upon you.
Beogh smites you!
Ouch! That really hurt!
The orc hits you with a +0 club.
The orc priest looks satisfied for a moment.
The orc wizard gestures at you while chanting.
The magic dart hits you!
* * * LOW HITPOINT WARNING * * *
As you read the scroll labelled TEJANW NONUKK, it crumbles to dust.
It is a scroll of identify.
d - a scroll of noise The orc hits you but does no damage.
The orc wizard hits you but does no damage.
Casting: Sandblast (safe; 2% risk of failure)
Confirm with . or Enter, or press ? or * to list all spells.
Aiming: Sandblast (safe; 2% risk of failure)
Press: ? - help, Shift-Dir - straight line, f - orc
Aim: an orc, wielding a +0 club and wearing a +0 leather armour (79% to hit)
The blast of sand hits the orc.
The orc is moderately wounded.
The orc hits you with a +0 club.
You die...

#### #.. ######.#
# #@o..#.# .#.#
#o##...# ##.#.#
#Ko{###.# ......
#.8o8. #.##.#.#.#
#.$...##.†.......
#.8$8.##......#.#
##._.##.........#
#####.##†....##.
#.#......#


You could see 2 orc priests, an orc wizard, an orc and a kobold.

Vanquished Creatures
  Jessica (D:2)
  2 adders (D:2)
  2 dart slugs (D:1)
  An orc (D:2)
  4 ball pythons
  4 endoplasms
  A giant cockroach (D:1)
  4 hobgoblins
  2 jackals (D:2)
  3 quokkas
  3 bats
  A frilled lizard (D:1)
  5 kobolds
  4 rats
37 creatures vanquished.

Notes
Turn   | Place    | Note
-------+----------+-------------------------------------------
     0 | D:1      | Crownlay the Gargoyle Earth Elementalist began the quest
                  | for the Orb.
     0 | D:1      | Reached XP level 1. HP: 10/10 MP: 3/3
   241 | D:1      | Found a faded altar of an unknown god.
   538 | D:1      | Reached XP level 2. HP: 15/15 MP: 5/5
   566 | D:1      | Reached skill level 4 in Earth Magic
  1326 | D:2      | Reached XP level 3. HP: 13/19 MP: 7/7
  1428 | D:2      | Learned a level 3 spell: Stone Arrow
  2715 | D:2      | Noticed Jessica
  2720 | D:2      | Killed Jessica
  2721 | D:2      | Reached XP level 4. HP: 24/24 MP: 6/9
  2920 | D:3      | HP: 1/24 [orc wizard/magic dart (8)]
  2922 | D:3      | Slain by an orc

Illustrated notes

Levels and vault maps discovered:
D:1:      dpeg_arrival_pond, layout_loops_ring,
          hellmonk_ecumenical_altar_run_dry, minmay_tall_x
D:2:      layout_basic, minmay_misc_feat_square, uniq_jessica
D:3:      layout_loops_corners, serial_aquarium, aquarium_bridge_island_small
          [aquarium_subvault_small_water, aquarium_subvault_balcony,
          aquarium_subvault_bridge, aquarium_subvault_wall,
          aquarium_subvault_bridge], aquarium_window_fake, aquarium_window_fake,
          aquarium_view_2c, aquarium_view_2d, kennysheep_orc_chapel,
          uniq_grinder, uniq_natasha

Skill      XL: |  1  2  3 |
---------------+----------+-----
Earth Magic    | 4 |  4.6
Spellcasting   | 3 |  3.6
Dodging        | |  1.5
Stealth        | |  2.1
Transmutations | |  0.7

Action                   |  1- 3 |  4- 6 || total
-------------------------+-------+-------++-------
Melee: Dagger            |   133 |     5 ||   138
       Unarmed           |     1 |       ||     1
 Cast: Sandblast         |    16 |     5 ||    21
  Use: Scroll            |       |     1 ||     1
 Stab: Sleeping          |     5 |       ||     5
Armor: Robe              |    60 |     4 ||    64
Dodge: Dodged            |    96 |     1 ||    97

Table legend: (Time is in decaauts)
 A = Elapsed time spent in this place.
 B = Non-inter-level travel time spent in this place.
 C = Inter-level travel time spent in this place.
 D = Time resting spent in this place.
 E = Time spent auto-exploring this place.
 F = Levels seen in this place.
 G = Mean time per level.
                   A        B        C        D        E       F      G
               +--------+--------+--------+--------+--------+-----+--------+
         Total |   2920 |   2823 |     97 |      0 |   2486 |   3 |  973.3 |
       Dungeon |   2920 |   2823 |     97 |      0 |   2486 |   3 |  973.3 |
               +--------+--------+--------+--------+--------+-----+--------+

Top non-repeatable levels by time:
     D:2: 1557 daAuts
     D:1: 1268 daAuts
     D:3: 94 daAuts
